 Dungeon Crawl Stone Soup version 0.23.2-11-gf996548c65 (webtiles) character file.

Game seed: 7805246360999043879

6 MalarOregon the Digger (level 1, -3/13 (14) HPs)
             Began as a Ghoul Earth Elementalist on June 4, 2019.
             Slain by a hobgoblin (4 damage)
             ... on level 1 of the Dungeon.
             The game lasted 00:01:39 (286 turns).

MalarOregon the Digger (Ghoul Earth Elementalist)    Turns: 286, Time: 00:01:41

HP:   -3/13 (14)    AC:  2    Str: 11    XL:     1   Next: 90%
MP:   0/2           EV: 12    Int: 10    God:
Gold: 16            SH:  0    Dex:  9    Spells: 2/3 levels left

rFire    . . .     SeeInvis .   a - +0 dagger (curse)
rCold    + . .     Gourm    .   (no shield)
rNeg     + + +     Faith    .   c - +0 robe
rPois    ∞         Spirit   .   (no helmet)
rElec    .         Reflect  .   (no cloak)
rCorr    .         Harm     .   (no gloves)
MR       .....                  (no boots)
Stlth    ++........             (no amulet)
HPRegen  0.00/turn              (no ring)
MPRegen  0.08/turn              (no ring)

@: very slightly contaminated, rotting
A: rotting body, claws 1, carnivore, cold resistance 1, negative energy
resistance 3, inhibited regeneration, torment resistance, unbreathing
a: no special abilities


You were on level 1 of the Dungeon.
You were not hungry.

You visited 1 branch of the dungeon, and saw 1 of its levels.

You collected 16 gold pieces.

Inventory:

Hand Weapons
 a - a cursed +0 dagger (weapon)
   (You found it on level 1 of the Dungeon)
Missiles
 b - 28 stones (quivered)
Armour
 c - a +0 robe (worn)
Comestibles
 e - 3 rations {!d}


   Skills:
 + Level 1.9 Dodging
 + Level 2.3 Stealth
 * Level 1.9 Spellcasting
   Level 0.8 Transmutations
 + Level 3.4 Earth Magic


You had 2 spell levels left.
You knew the following spells:

 Your Spells              Type           Power        Failure   Level  Hunger
a - Sandblast             Erth           #.....       8%          1    ##.....

Your spell library contained the following spells:

 Spells                   Type           Power        Failure   Level  Hunger
 Passwall                 Tmut/Erth      #.......     21%         2    ###....
 Stone Arrow              Conj/Erth      #.....       43%         3    ####...
 Petrify                  Tmut/Erth      #.......     78%         4    #####..
 Lee's Rapid Deconstruct  Erth           #.........   91%         5    ######.


Dungeon Overview and Level Annotations

Branches:
Dungeon (1/15)

Altars:


Innate Abilities, Weirdness & Mutations

Your body is rotting away.
You thrive on raw meat.
You are immune to poison.
You have sharp fingernails.
You are carnivorous and can eat meat at any time.
Your flesh is cold resistant. (rC+)
You are immune to negative energy. (rN+++)
You do not regenerate when monsters are visible.
You are immune to unholy pain and torment.
You can survive without breathing.


Message History

A hobgoblin comes into view. It is wielding a +0 club.
The hobgoblin shouts!
Found a spear and a glowing dagger.
A kobold comes into view.
The hobgoblin shouts!
The kobold shouts!
You hit the hobgoblin but do no damage. The hobgoblin barely misses you.
You hit the hobgoblin but do no damage. The hobgoblin hits you with a +0 club.
You hit the hobgoblin.
A hobgoblin comes into view.
The hobgoblin hits you with a +0 club.
* * * LOW HITPOINT WARNING * * *
A bat comes into view.
Aim: a hobgoblin, wielding a +0 club (moderately wounded)
You miscast Sandblast.
You are very lightly contaminated with residual magic.
You feel earthy. The hobgoblin barely misses you.
Aim: a hobgoblin, wielding a +0 club (moderately wounded)
The blast of sand hits the hobgoblin!
You kill the hobgoblin!
b - 29 stones You hit the hobgoblin but do no damage.
The hobgoblin misses you.
You barely miss the hobgoblin. The hobgoblin misses you.
You barely miss the hobgoblin. The hobgoblin barely misses you.
Okay, then.
You closely miss the hobgoblin. The hobgoblin hits you with a +0 club.
* * * LOW HITPOINT WARNING * * *
It was a potion of heal wounds.
You feel much better. The hobgoblin misses you.
The hobgoblin hits you with a +0 club.
As you read the scroll labeled LIKUIP VAORA, it crumbles to dust.
It is a scroll of identify.
You don't have any unidentified items.
The hobgoblin hits you. The hobgoblin misses you.
The hobgoblin barely misses you.
A dart slug comes into view.
The dart slug launches a dart at you. The slug dart hits you.
* * * LOW HITPOINT WARNING * * *
The hobgoblin hits you with a +0 club.
* * * LOW HITPOINT WARNING * * *
A ball python comes into view.
You feel your flesh rotting away.
Aim: a hobgoblin The blast of sand misses the hobgoblin.
The blast of sand hits the hobgoblin.
b - 28 stones The ball python hisses angrily.
The hobgoblin hits you.
* * * LOW HITPOINT WARNING * * *
You hit the hobgoblin. The hobgoblin hits you.
You die...

.........).............
†...............>......
.......................
.......................
g..$.....(.###......###
....(.......#######...
.......(..........w...
###.#####.....##### ##
.......)..###Kgg@.#
.##..###### #####.....#
####.. ####S.. . #### .
. #


You could see 2 hobgoblins, a ball python and a kobold.

Vanquished Creatures
  A giant cockroach (D:1)
  2 hobgoblins (D:1)
  A bat (D:1)
  2 rats (D:1)
6 creatures vanquished.

Notes
Turn   | Place    | Note
-------+----------+-------------------------------------------
     0 | D:1      | MalarOregon the Ghoul Earth Elementalist began the quest
                  | for the Orb.
     0 | D:1      | Reached XP level 1. HP: 14/14 MP: 2/2
   286 | D:1      | Slain by a hobgoblin

Action                   || total
-------------------------++-------
Melee: Dagger            ||    33
       Unarmed           ||     1
 Cast: Sandblast         ||     2
  Use: Scroll            ||     1
       Potion            ||     1
Armor: Robe              ||     6
Dodge: Dodged            ||    23
